[Event "HUN-chT Youth 2019"]
[Site "Budapest"]
[Date "2019.10.28"]
[Round "5.25"]
[White "Kokeny, Norbert Adrian"]
[Black "Palczert, Botond"]
[Result "1-0"]
[ECO "A05"]
[WhiteElo "2292"]
[BlackElo "2039"]
[Annotator "NA"]
[PlyCount "51"]
[EventDate "2019.10.26"]
[EventType "team-tourn"]
[EventCountry "HUN"]
[SourceTitle "playchess.com"]
[Source "ChessBase"]
[SourceQuality "1"]
[TimeControl "5400+30"]

1. Nf3 Nf6 2. g3 g6 3. Bg2 Bg7 4. O-O O-O 5. d4 d5 6. c4 dxc4 7. Na3 c6 8. Nxc4 Nbd7 9. a4 Nb6 10. Nce5 a5 11. b3 Be6 12. Ng5 Qc8 13. Ba3 h6 14. Nxe6 Qxe6 15. Rc1 Nbd7 16. Nd3 Rfe8 17. Re1 Qg4 18. Nf4 e5 19. Bf3 Qg5 20. h4 Qf5 21. e4 Nxe4 22. Bxe4 Qf6 23. dxe5 Nxe5 24. Qd6 Qxd6 25. Bxd6 f5 26. Bxe5 1-0

[Event "HUN-chT Youth 2019"]
[Site "Budapest"]
[Date "2019.10.28"]
[Round "5.26"]
[White "Kozsik, Bende Barnabas"]
[Black "Baski, Barnabas"]
[Result "1/2-1/2"]
[ECO "A05"]
[WhiteElo "1943"]
[BlackElo "2037"]
[Annotator "NA RC"]
[PlyCount "93"]
[EventDate "2019.10.26"]
[EventType "team-tourn"]
[EventCountry "HUN"]
[SourceTitle "playchess.com"]
[Source "ChessBase"]
[SourceQuality "1"]
[TimeControl "5400+30"]

1. Nf3 Nf6 2. g3 b6 3. Bg2 Bb7 4. O-O e6 5. b3 d5 6. Bb2 Bd6 7. Ne5 Nbd7 8. f4 O-O 9. e3 c5 10. d3 Qc7 11. Ng4 Be7 12. Nd2 Rad8 13. Qe2 b5 14. a4 a6 15. Ne5 Rfe8 16. g4 Nxe5 17. Bxe5 Qb6 18. g5 Nd7 19. Bc3 b4 20. Bb2 e5 21. Qf2 exf4 22. exf4 Qc7 23. h4 Bd6 24. h5 Nf8 25. h6 Ne6 26. f5 Nxg5 27. Qh4 f6 28. hxg7 Qxg7 29. Kh1 Re2 30. Rf2 Rxf2 31. Qxf2 Qh6+ 32. Kg1 Re8 33. Nf3 d4 34. Kf1 Nxf3 35. Bxf3 Qh3+ 36. Bg2 Qxg2+ 37. Qxg2+ Bxg2+ 38. Kxg2 Re2+ 39. Kf3 Rxc2 40. Bc1 Rc3 41. Ke4 Kf7 42. Rb1 Rc2 43. Kd5 Bf8 44. Bf4 Rf2 45. Ke4 Rg2 46. Rh1 Kg8 47. Kd5 1/2-1/2

[Event "HUN-chT Youth 2019"]
[Site "Budapest"]
[Date "2019.10.28"]
[Round "5.27"]
[White "Monduk, Ferenc"]
[Black "Kelemen, Szabolcs"]
[Result "0-1"]
[ECO "D89"]
[WhiteElo "1987"]
[BlackElo "1960"]
[Annotator "NA RC"]
[PlyCount "94"]
[EventDate "2019.10.26"]
[EventType "team-tourn"]
[EventCountry "HUN"]
[SourceTitle "playchess.com"]
[Source "ChessBase"]
[SourceQuality "1"]
[TimeControl "5400+30"]

1. d4 Nf6 2. c4 g6 3. Nc3 d5 4. cxd5 Nxd5 5. e4 Nxc3 6. bxc3 Bg7 7. Bc4 c5 8. Ne2 O-O 9. O-O Nc6 10. Be3 cxd4 11. cxd4 Bg4 12. f3 Na5 13. Bd3 Be6 14. e5 Bc4 15. Nf4 Rc8 16. Rc1 b5 17. Rf2 Bxd3 18. Rxc8 Qxc8 19. Qxd3 Nc4 20. Rc2 Rd8 21. Qe4 Qa6 22. Bf2 Qa5 23. h4 e6 24. h5 Bh6 25. hxg6 hxg6 26. Nd3 Rd5 27. Bh4 Qb6 28. Bf2 Qd8 29. Nf4 Rd7 30. Nd3 Rc7 31. Nc5 Qg5 32. a4 Ne3 33. Bh4 Qf5 34. Qa8+ Kh7 35. Bf6 Bg7 36. Bxg7 Kxg7 37. Nxe6+ Qxe6 38. Rxc7 Qa2 39. f4 Qe2 40. Rc1 Qd2 41. Qc6 Ng4 42. Rf1 Qe3+ 43. Kh1 Qg3 44. Qf6+ Nxf6 45. exf6+ Kxf6 46. axb5 Qd3 47. Ra1 Qxd4 0-1

[Event "HUN-chT Youth 2019"]
[Site "Budapest"]
[Date "2019.10.28"]
[Round "5.28"]
[White "Tancz, Janos"]
[Black "Lengyel, Andrea"]
[Result "0-1"]
[ECO "B33"]
[WhiteElo "1486"]
[BlackElo "1872"]
[Annotator "NA RC"]
[PlyCount "84"]
[EventDate "2019.10.26"]
[EventType "team-tourn"]
[EventCountry "HUN"]
[SourceTitle "playchess.com"]
[Source "ChessBase"]
[SourceQuality "1"]
[TimeControl "5400+30"]

1. e4 c5 2. Nf3 Nc6 3. d4 cxd4 4. Nxd4 Nf6 5. Nc3 e5 6. Ndb5 d6 7. Bg5 a6 8. Na3 b5 9. Nd5 Be7 10. Bxf6 Bxf6 11. Nxf6+ Qxf6 12. Qd5 Bb7 13. Rd1 Ke7 14. f3 Rab8 15. Qd2 Rhd8 16. c3 Qe6 17. b3 Kf8 18. Be2 Ne7 19. O-O d5 20. Kh1 Bc6 21. exd5 Nxd5 22. c4 b4 23. cxd5 Rxd5 24. Qc2 bxa3 25. Rxd5 Bxd5 26. Qxh7 Rc8 27. Qh8+ Ke7 28. Qxg7 Rc2 29. Qg5+ f6 30. Qg7+ Qf7 31. Qxf7+ Bxf7 32. Bxa6 Rxa2 33. h4 Rb2 34. Ra1 a2 35. Kh2 Bxb3 36. Bd3 Rd2 37. Bf1 Rd1 38. Bc4 Rxa1 39. Bxb3 Rh1+ 40. Kxh1 a1=Q+ 41. Kh2 Qd4 42. Kh3 e4 0-1

[Event "HUN-chT Youth 2019"]
[Site "Budapest"]
[Date "2019.10.28"]
[Round "5.31"]
[White "Szabo, A. Martin"]
[Black "Gombocz, Zsofia"]
[Result "0-1"]
[ECO "D02"]
[WhiteElo "1769"]
[BlackElo "1917"]
[Annotator "NA RC"]
[PlyCount "66"]
[EventDate "2019.10.26"]
[EventType "team-tourn"]
[EventCountry "HUN"]
[SourceTitle "playchess.com"]
[Source "ChessBase"]
[SourceQuality "1"]
[TimeControl "5400+30"]

1. Nf3 d5 2. d4 Nf6 3. g3 e6 4. Bg2 Be7 5. O-O O-O 6. c4 b6 7. Nc3 c6 8. Ne5 Bb7 9. cxd5 cxd5 10. Bf4 Nbd7 11. Nd3 a6 12. f3 b5 13. a3 Qb6 14. Be3 Rfc8 15. Bf2 a5 16. e4 b4 17. axb4 axb4 18. Rxa8 Rxa8 19. e5 bxc3 20. exf6 Nxf6 21. bxc3 Ba6 22. Re1 Rc8 23. Nc5 Bc4 24. Qa1 Rb8 25. h4 Bd6 26. g4 Qc6 27. h5 Bc7 28. h6 Nd7 29. Nxd7 Qxd7 30. Qa3 gxh6 31. Be3 Qd8 32. g5 hxg5 33. Qc1 Qd6 0-1

[Event "HUN-chT Youth 2019"]
[Site "Budapest"]
[Date "2019.10.28"]
[Round "5.32"]
[White "Barasits, Balint"]
[Black "Csajbok, Levente Tamas"]
[Result "1/2-1/2"]
[ECO "C45"]
[WhiteElo "1988"]
[BlackElo "1820"]
[Annotator "NA RC"]
[PlyCount "82"]
[EventDate "2019.10.26"]
[EventType "team-tourn"]
[EventCountry "HUN"]
[SourceTitle "playchess.com"]
[Source "ChessBase"]
[SourceQuality "1"]
[TimeControl "5400+30"]

1. e4 e5 2. Nf3 Nc6 3. d4 exd4 4. Nxd4 Bc5 5. Nb3 Bb6 6. Nc3 Nf6 7. Qe2 d6 8. Be3 O-O 9. O-O-O Be6 10. f3 Ne5 11. Nd4 Ba5 12. Nxe6 fxe6 13. Bd4 Nc6 14. Qc4 Nxd4 15. Qxd4 e5 16. Qe3 a6 17. g4 b5 18. h4 Bb6 19. Qd2 b4 20. Na4 Nd7 21. Nxb6 Nxb6 22. Be2 a5 23. h5 Qd7 24. h6 g6 25. Rdf1 Rf4 26. Rhg1 Kf7 27. g5 Ke7 28. Rg3 c5 29. Qd3 c4 30. Qe3 Qc7 31. Rg4 Raf8 32. Rxf4 Rxf4 33. c3 Na4 34. Bd1 Nb6 35. Rg1 Qc5 36. Re1 Qb5 37. Qd2 b3 38. a3 Qc5 39. Be2 Rh4 40. Rf1 Rf4 41. Rd1 Rh4 1/2-1/2

[Event "HUN-chT Youth 2019"]
[Site "Budapest"]
[Date "2019.10.28"]
[Round "5.33"]
[White "Szivak, Andras"]
[Black "Kiraly, Barnabas"]
[Result "1/2-1/2"]
[ECO "E47"]
[WhiteElo "1730"]
[BlackElo "1742"]
[Annotator "NA RC"]
[PlyCount "91"]
[EventDate "2019.10.26"]
[EventType "team-tourn"]
[EventCountry "HUN"]
[SourceTitle "playchess.com"]
[Source "ChessBase"]
[SourceQuality "1"]
[TimeControl "5400+30"]

1. d4 Nf6 2. c4 e6 3. Nc3 Bb4 4. e3 O-O 5. Bd3 c5 6. Nge2 Nc6 7. O-O Bxc3 8. Nxc3 cxd4 9. exd4 d5 10. cxd5 Nxd5 11. Be4 Nde7 12. Be3 Nf5 13. Bxf5 exf5 14. d5 Ne5 15. Bd4 Ng4 16. h3 Nf6 17. Qb3 f4 18. f3 Nh5 19. Bc5 Re8 20. Rfe1 b6 21. Bd4 Bd7 22. Qc2 Qg5 23. Ne4 Qg6 24. h4 Ng3 25. Qc7 Nxe4 26. Qxd7 Nd6 27. Qc6 Rec8 28. Qd7 Rd8 29. Qc6 Rac8 30. Qa4 Rc2 31. Bf2 Rdc8 32. Rf1 h5 33. Qxf4 Rxb2 34. Rac1 Rcc2 35. Rxc2 Rxc2 36. Qg3 Rxa2 37. Qxg6 fxg6 38. Bg3 Nb7 39. Rd1 Nc5 40. d6 Nd7 41. Re1 Nf6 42. Re7 Kf8 43. Rc7 b5 44. Rc8+ Kf7 45. Rc7+ Kf8 46. Rc8+ 1/2-1/2

[Event "HUN-chT Youth 2019"]
[Site "Budapest"]
[Date "2019.10.28"]
[Round "5.34"]
[White "Petroczy, Zoltan"]
[Black "Novak, Levente Peter"]
[Result "0-1"]
[ECO "B70"]
[WhiteElo "1573"]
[BlackElo "1639"]
[Annotator "NA"]
[PlyCount "46"]
[EventDate "2019.10.26"]
[EventType "team-tourn"]
[EventCountry "HUN"]
[SourceTitle "playchess.com"]
[Source "ChessBase"]
[SourceQuality "1"]
[TimeControl "5400+30"]

1. e4 c5 2. Nf3 d6 3. d4 cxd4 4. Nxd4 Nf6 5. Nc3 g6 6. Bg5 Bg7 7. Bb5+ Bd7 8. Qe2 a6 9. Bxd7+ Nbxd7 10. O-O-O O-O 11. f4 Qa5 12. Nb3 Qc7 13. f5 b5 14. g4 b4 15. Nd5 Nxd5 16. Rxd5 Nf6 17. Bxf6 Bxf6 18. fxg6 hxg6 19. h4 a5 20. g5 Be5 21. h5 a4 22. hxg6 axb3 23. gxf7+ Rxf7 0-1

[Event "HUN-chT Youth 2019"]
[Site "Budapest"]
[Date "2019.10.28"]
[Round "5.35"]
[White "Deak-Sala, Emilia"]
[Black "Farkas, Boglarka"]
[Result "1-0"]
[ECO "B23"]
[WhiteElo "1528"]
[BlackElo "1391"]
[Annotator "NA"]
[PlyCount "61"]
[EventDate "2019.10.26"]
[EventType "team-tourn"]
[EventCountry "HUN"]
[SourceTitle "playchess.com"]
[Source "ChessBase"]
[SourceQuality "1"]
[TimeControl "5400+30"]

1. e4 c5 2. Nc3 Nc6 3. f4 d6 4. Nf3 Nf6 5. Bc4 e6 6. d3 Be7 7. O-O O-O 8. Bb3 a6 9. a3 b5 10. Ne2 Qc7 11. Ng3 Bb7 12. f5 d5 13. Qe1 Bd6 14. Bg5 Bxg3 15. hxg3 exf5 16. Bxf6 gxf6 17. exd5 Ne7 18. c4 Ng6 19. Nh4 f4 20. gxf4 Kh8 21. Qc3 Qd6 22. Nf5 Qd8 23. Ng3 Qd6 24. Ne4 b4 25. axb4 cxb4 26. Nxd6 bxc3 27. Nxb7 cxb2 28. Rab1 Rab8 29. Na5 Rfe8 30. Rxb2 Re3 31. Rd2 1-0

[Event "HUN-chT Youth 2019"]
[Site "Budapest"]
[Date "2019.10.28"]
[Round "5.36"]
[White "Nyuli, Leila"]
[Black "Makay, Mark Janos"]
[Result "0-1"]
[ECO "B32"]
[WhiteElo "1258"]
[BlackElo "1442"]
[Annotator "NA RC"]
[PlyCount "110"]
[EventDate "2019.10.26"]
[EventType "team-tourn"]
[EventCountry "HUN"]
[SourceTitle "playchess.com"]
[Source "ChessBase"]
[SourceQuality "1"]
[TimeControl "5400+30"]

1. e4 c5 2. Nf3 Nc6 3. d4 cxd4 4. Nxd4 Qb6 5. Nxc6 dxc6 6. Nc3 e5 7. Bc4 Nf6 8. h3 Bb4 9. Qf3 O-O 10. O-O Be6 11. Bxe6 fxe6 12. Qe2 Rad8 13. Bd2 Qc7 14. Rad1 Rd4 15. f3 Rfd8 16. a3 Ba5 17. b4 Bb6 18. Be3 Rxd1 19. Rxd1 Rxd1+ 20. Nxd1 Qd6 21. Bxb6 axb6 22. Ne3 Qd4 23. Qd3 b5 24. Qxd4 exd4 25. Ng4 Nxg4 26. hxg4 e5 27. Kf2 Kf7 28. g3 g5 29. f4 gxf4 30. gxf4 exf4 31. Kf3 Ke6 32. Kxf4 h6 33. e5 b6 34. Ke4 c5 35. Kf4 c4 36. Ke4 d3 37. cxd3 c3 38. Ke3 Kxe5 39. d4+ Kd5 40. Kd3 c2 41. Kxc2 Kxd4 42. Kd2 Ke4 43. Ke2 Kf4 44. Kf2 Kxg4 45. Kg2 Kf4 46. Kh3 Ke3 47. Kg4 Kd3 48. Kh5 Kc3 49. Kxh6 Kb3 50. Kg5 Kxa3 51. Kf4 Kxb4 52. Ke3 Kc3 53. Ke2 Kc2 54. Ke3 b4 55. Kd4 b3 0-1

[Event "HUN-chT Youth 2019"]
[Site "Budapest"]
[Date "2019.10.29"]
[Round "6"]
[White "Hajdu, Marton Abris"]
[Black "Lehocz, Jozsef Jr."]
[Result "1-0"]
[ECO "B01"]
[WhiteElo "1818"]
[BlackElo "1447"]
[Annotator "NA RC"]
[PlyCount "89"]
[EventDate "2019.??.??"]
[EventCountry "HUN"]
[SourceTitle "playchess.com"]
[Source "ChessBase"]
[SourceQuality "1"]
[TimeControl "5400+30"]

1. e4 d5 2. exd5 Qxd5 3. Nc3 Qd6 4. g3 c6 (4... Nf6 5. Bg2 g6 6. Nge2 Bg7 7. O-O O-O 8. d3 c6 9. Rb1 a5 10. Bf4 e5 11. Be3 Nd5 12. Bd2 {½-½ (52) Smirin,I (2663)-Inarkiev,E (2680) Khanty-Mansiysk 2013}) 5. Bg2 Nf6 6. Nge2 {B01: Scandinavian Defence} Bf5 7. O-O e6 8. d4 Be7 9. Bf4 Qd8 10. Qd2 O-O 11. h3 $146 ({Predecessor:} 11. Nd1 Be4 12. Ne3 Bxg2 13. Kxg2 {½-½ (13) Striechman,O (1897)-Kudischewitsch,D (2336) Tel Aviv 2011}) 11... Nbd7 12. Kh2 h5 13. Rad1 Nb6 14. Qc1 Nbd5 15. Be3 Qc7 16. Kh1 Rad8 17. Nxd5 Nxd5 18. c4 Nf6 19. Nc3 Rd7 20. Rfe1 Rfd8 21. a3 a5 22. Kg1 Qb8 23. Rd2 Qc7 24. Qd1 Qb8 25. Qe2 Qc7 26. Rc1 Qb8 27. Rdd1 Qc7 28. Na4 b6 29. Nc3 Qb7 30. Nb5 $11 (30. Qf3 $14) 30... Ne4 31. Nc3 Nf6 32. Rd2 Qc7 33. Qd1 Qb7 34. Qa4 Rc8 35. Rcd1 Bf8 36. Re1 Be7 37. Rc1 Bf8 38. Rcd1 Be7 39. d5 cxd5 40. cxd5 exd5 41. Nxd5 Nxd5 42. Rxd5 Rxd5 43. Rxd5 Bxh3 44. Rd8+ Rxd8 45. Bxb7 1-0

[Event "HUN-chT Youth 2019"]
[Site "Budapest"]
[Date "2019.10.29"]
[Round "6"]
[White "Csernyik, Mark"]
[Black "Puskas, Mihaly"]
[Result "1-0"]
[ECO "C50"]
[WhiteElo "1749"]
[BlackElo "1480"]
[Annotator "NA RC"]
[PlyCount "45"]
[EventDate "2019.??.??"]
[EventCountry "HUN"]
[SourceTitle "playchess.com"]
[Source "ChessBase"]
[SourceQuality "1"]
[TimeControl "5400+30"]

1. e4 e5 2. Nf3 Nc6 3. Bc4 Bc5 4. O-O d6 5. c3 Bg4 6. d3 Qd7 7. Be3 Bb6 8. Nbd2 O-O-O 9. b4 f5 10. h3 Bh5 11. Qb3 Re8 12. a4 fxe4 13. dxe4 Bxe3 14. fxe3 Kb8 15. a5 h6 16. b5 Nd8 17. b6 c6 18. bxa7+ Ka8 19. Rfb1 Nf6 20. a6 Re7 21. axb7+ Qxb7 22. Qa3 Qxa7 23. Qxd6 1-0

[Event "HUN-chT Youth 2019"]
[Site "Budapest"]
[Date "2019.10.29"]
[Round "6"]
[White "Megyeri, Martin"]
[Black "Palczert, Matyas"]
[Result "1/2-1/2"]
[ECO "A13"]
[WhiteElo "1611"]
[BlackElo "2009"]
[Annotator "NA"]
[PlyCount "91"]
[EventDate "2019.??.??"]
[EventCountry "HUN"]
[SourceTitle "playchess.com"]
[Source "ChessBase"]
[SourceQuality "1"]
[TimeControl "5400+30"]

1. Nf3 Nf6 2. b3 e6 3. Bb2 d5 4. e3 Be7 5. Be2 O-O 6. O-O c5 7. d4 Nc6 8. Nbd2 b6 9. c4 Bb7 10. Rc1 Rc8 {A13: English Opening: 1...e6} 11. a3 Qd7 $146 ({Predecessor:} 11... cxd4 12. exd4 dxc4 13. bxc4 Qd6 14. Re1 Rfd8 15. Nf1 Qf4 16. g3 Qb8 17. Bd3 Ba8 18. N1d2 {0-1 (71) Maghsoodloo,P (2584)-Omidi,A (2313) Rasht 2017}) 12. Qc2 Rfd8 13. Rfd1 Qe8 14. Qb1 h6 15. h3 cxd4 16. exd4 Qf8 17. b4 a5 18. b5 Na7 19. a4 dxc4 20. Nxc4 Nd5 21. Ne3 Nxe3 22. fxe3 Bxf3 23. Bxf3 Bg5 24. Kf2 Qb4 25. Qa2 Rxc1 26. Bxc1 Rc8 27. Bd2 Qd6 28. g3 Bd8 29. Bb7 Rb8 30. Bf3 Bc7 31. Rg1 Nc8 32. Qc4 Ne7 33. e4 e5 34. d5 f5 35. Kg2 fxe4 36. Bxe4 Rd8 37. Rd1 Kh8 38. Bc1 Ng8 39. Bf5 Nf6 {[#]} 40. Be6 $16 Qe7 41. Qc6 e4 42. Qc4 Nh5 43. Qxe4 Nxg3 44. Qg6 Rf8 45. Bb2 Nf5 46. Kh1 1/2-1/2

[Event "HUN-chT Youth 2019"]
[Site "Budapest"]
[Date "2019.10.29"]
[Round "6"]
[White "Karacsonyi, Luca"]
[Black "Puskas, Gergely"]
[Result "1-0"]
[ECO "C65"]
[WhiteElo "1556"]
[BlackElo "1015"]
[Annotator "NA RC"]
[PlyCount "78"]
[EventDate "2019.??.??"]
[EventCountry "HUN"]
[SourceTitle "playchess.com"]
[Source "ChessBase"]
[SourceQuality "1"]
[TimeControl "5400+30"]

1. e4 e5 2. Nf3 Nc6 3. Bc4 d6 4. Nc3 Nf6 5. d3 Be6 6. Bb5 Bd7 7. Bg5 Be7 8. Qd2 Nd4 9. Nxd4 exd4 10. Bxf6 Bxf6 11. Bxd7+ Qxd7 12. Nd5 Bd8 13. O-O c6 14. Nf4 Bg5 15. g3 Qg4 16. Qe2 Qxe2 17. Nxe2 O-O 18. Nxd4 c5 19. Nb5 Rfd8 20. Nc7 Rac8 21. Nd5 Rc6 22. f4 Bf6 23. Nxf6+ gxf6 24. Rad1 d5 25. Kf2 c4 26. exd5 Rxd5 27. d4 c3 28. b3 b5 29. Ke3 b4 30. Ke4 Rcd6 31. f5 Ra5 32. Ra1 Rd8 33. g4 Re8+ 34. Kd3 h6 35. Rfe1 Rxe1 36. Rxe1 Rxa2 37. d5 Ra6 38. Kc4 Rb6 39. Kc5 Kh7 1-0

[Event "HUN-chT Youth 2019"]
[Site "Budapest"]
[Date "2019.10.29"]
[Round "6"]
[White "Vadkerti, Vince"]
[Black "Foldes, Marton Gabor"]
[Result "0-1"]
[ECO "B48"]
[WhiteElo "1531"]
[BlackElo "1755"]
[Annotator "NA RC"]
[PlyCount "56"]
[EventDate "2019.??.??"]
[EventCountry "HUN"]
[SourceTitle "playchess.com"]
[Source "ChessBase"]
[SourceQuality "1"]
[TimeControl "5400+30"]

1. e4 c5 2. Nc3 e6 3. Nf3 Nc6 4. d4 cxd4 5. Nxd4 Qc7 6. Be3 a6 7. Qf3 Nf6 8. O-O-O Ne5 9. Qg3 b5 10. Nf3 d6 11. Nxe5 dxe5 12. Be2 Bd7 13. f4 b4 14. Nb1 Nxe4 15. Qg4 h5 16. Rxd7 Qxd7 17. Qf3 f5 18. fxe5 Rb8 19. Rd1 Qc7 20. Bd3 Nc5 21. Bxc5 Bxc5 22. Qg3 Qf7 23. Qf3 O-O 24. Re1 Rfd8 25. Nd2 Rbc8 26. Nc4 Bf8 27. Rf1 g6 28. h3 Rd4 0-1

[Event "HUN-chT Youth 2019"]
[Site "Budapest"]
[Date "2019.10.29"]
[Round "6"]
[White "Kellermann, Botond"]
[Black "Nagy, Botond"]
[Result "1-0"]
[ECO "D12"]
[WhiteElo "1274"]
[BlackElo "1281"]
[Annotator "NA RC"]
[PlyCount "119"]
[EventDate "2019.??.??"]
[EventCountry "HUN"]
[SourceTitle "playchess.com"]
[Source "ChessBase"]
[SourceQuality "1"]
[TimeControl "5400+30"]

1. d4 d5 2. c4 c6 3. Nf3 Nf6 4. Nbd2 Bf5 5. e3 e6 6. Be2 Be7 7. O-O Nbd7 8. Qb3 Qc7 9. Bd3 Bg6 10. Re1 Qb6 11. Qxb6 Nxb6 12. Bxg6 hxg6 13. c5 Nbd7 14. b4 a5 15. bxa5 Rxa5 16. Bb2 O-O 17. Bc3 Ra7 18. Reb1 Ne8 19. a4 Nc7 20. Nb3 Na6 21. Na5 Rb8 22. Rb2 Bd8 23. Nb3 b6 24. cxb6 Nxb6 25. Na5 Rc7 26. Ne5 Nd7 27. Naxc6 Rxb2 28. Bxb2 Nxe5 29. Nxe5 Rb7 30. Ba3 g5 31. h3 f6 32. Nd3 Nc7 33. Nc5 Ra7 34. Rb1 Be7 35. Ra1 Kf7 36. Kf1 Ke8 37. Ke2 Bxc5 38. Bxc5 Ra6 39. Kd2 Kd7 40. Kc2 Ra8 41. Kb3 Kc6 42. Rc1 Kd7 43. Bb6 Na6 44. a5 Rc8 45. Rxc8 Kxc8 46. Ka4 Kb7 47. Kb5 f5 48. g3 Nb8 49. f3 Na6 50. Bd8 g6 51. Bxg5 Nc7+ 52. Kc5 Ne8 53. g4 fxg4 54. hxg4 Kc7 55. a6 Kb8 56. Kb6 Nd6 57. Bf4 Ka8 58. Bxd6 e5 59. Bxe5 g5 60. Bf6 1-0

[Event "HUN-chT Youth 2019"]
[Site "Budapest"]
[Date "2019.10.29"]
[Round "6"]
[White "Meszaros, Jazmin"]
[Black "Onodi, Miklos"]
[Result "0-1"]
[ECO "B34"]
[WhiteElo "1171"]
[BlackElo "1548"]
[Annotator "NA RC"]
[PlyCount "56"]
[EventDate "2019.??.??"]
[EventCountry "HUN"]
[SourceTitle "playchess.com"]
[Source "ChessBase"]
[SourceQuality "1"]
[TimeControl "5400+30"]

1. e4 c5 2. d4 cxd4 3. Qxd4 Nc6 4. Qd1 g6 5. Nf3 Bg7 6. Be2 Nf6 7. O-O Nxe4 8. Bd3 Nf6 9. Bg5 O-O 10. Bxf6 Bxf6 11. Qd2 Bxb2 12. Qh6 Bg7 13. Qh3 d5 14. Qh4 e6 15. Qxd8 Rxd8 16. Nc3 Bxc3 17. Rad1 e5 18. Be2 Nd4 19. Nxd4 exd4 20. Rd3 Bf5 21. Rg3 Bxc2 22. Rg5 d3 23. Bxd3 Bxd3 24. Rd1 Bc4 25. Rc1 Bd2 26. Rxc4 dxc4 27. Rc5 Bb4 28. Rxc4 Rd1# 0-1

[Event "HUN-chT Youth 2019"]
[Site "Budapest"]
[Date "2019.10.29"]
[Round "6"]
[White "Szamko, Balint"]
[Black "Karacsonyi, Bank"]
[Result "0-1"]
[ECO "B50"]
[WhiteElo "1129"]
[BlackElo "1513"]
[Annotator "NA RC"]
[PlyCount "101"]
[EventDate "2019.??.??"]
[EventCountry "HUN"]
[SourceTitle "playchess.com"]
[Source "ChessBase"]
[SourceQuality "1"]
[TimeControl "5400+30"]

1. e4 c5 2. Nf3 d6 3. Bc4 Nf6 4. e5 dxe5 5. Nxe5 e6 6. Nc3 Bd6 7. Nf3 Nc6 8. d3 O-O 9. O-O a6 10. Bg5 b5 11. Bb3 Bb7 12. Ne4 Be7 13. a3 Nxe4 14. Bxe7 Nxe7 15. dxe4 c4 16. Ba2 Bxe4 17. c3 Qd3 18. Qxd3 cxd3 19. Rfe1 Bf5 20. Rad1 Rfd8 21. Ne5 Rd6 22. Re3 Rad8 23. Bb1 Nd5 24. Rg3 Nf4 25. Kf1 f6 26. Ng4 Nh5 27. Re3 Bxg4 28. f3 Bf5 29. g4 Nf4 30. gxf5 exf5 31. Ba2+ Kf8 32. Bb1 g5 33. b3 Nd5 34. Rexd3 Ne3+ 35. Rxe3 Rxd1+ 36. Re1 g4 37. Ke2 gxf3+ 38. Kf2 R8d2+ 39. Kf1 f2 40. Rxd1 Rxd1+ 41. Kxf2 Rxb1 42. b4 Rb3 43. c4 bxc4 44. Ke2 c3 45. Kd1 f4 46. Kc2 f3 47. Kxb3 f2 48. Kxc3 f1=Q 49. Kd2 Qf3 50. h4 Ke7 51. Kc2 0-1

[Event "HUN-chT Youth 2019"]
[Site "Budapest"]
[Date "2019.10.29"]
[Round "6"]
[White "Benedek, Huba"]
[Black "Molnar, Dalma Reka"]
[Result "0-1"]
[ECO "C47"]
[WhiteElo "1125"]
[BlackElo "1088"]
[Annotator "NA RC"]
[PlyCount "148"]
[EventDate "2019.??.??"]
[EventCountry "HUN"]
[SourceTitle "playchess.com"]
[Source "ChessBase"]
[SourceQuality "1"]
[TimeControl "5400+30"]

1. e4 e5 2. Nf3 Nc6 3. Nc3 Nf6 4. h3 Bc5 5. Nxe5 Bxf2+ 6. Kxf2 Nxe5 7. d4 Ng6 8. Qf3 d6 9. Bc4 Be6 10. Bd3 h6 11. Rd1 O-O 12. g4 Nh4 13. Qg3 Nh7 14. e5 f5 15. Kg1 fxg4 16. Bxh7+ Kxh7 17. Rf1 Qe7 18. Be3 Bc4 19. Rf4 Rxf4 20. Bxf4 dxe5 21. Bxe5 Rf8 22. b3 Ba6 23. Nd5 Qg5 24. Nf4 gxh3 25. Qxg5 hxg5 26. Nxh3 Kg6 27. Bxc7 Rf3 28. Nf2 Kh5 29. d5 g4 30. d6 Bb5 31. Rd1 Bd7 32. Rd5+ Kg6 33. Nxg4 Rg3+ 34. Kf2 Rxg4 35. Re5 Rf4+ 36. Ke3 Rf7 37. Bb8 a6 38. Re4 Nf5+ 39. Kd3 Kf6 40. Bc7 Bc6 41. Re1 Rd7 42. Rf1 g6 43. Rf4 Kg7 44. Bb6 Rxd6+ 45. Kc3 Ne7 46. Bc5 Nd5+ 47. Kb2 Nxf4 48. Bxd6 Ne6 49. Be5+ Kf7 50. c4 g5 51. a4 Nf4 52. Kc3 Ne2+ 53. Kd2 Bf3 54. b4 Ke6 55. Bb8 Kf5 56. Ke3 g4 57. b5 Nc3 58. bxa6 bxa6 59. a5 Nd1+ 60. Kd4 Ke6 61. Kc5 Bb7 62. Bg3 Nc3 63. Kb6 Bc8 64. Kc7 Ne2 65. Bh2 Bd7 66. Kb7 g3 67. Bxg3 Nxg3 68. Kxa6 Bc6 69. Ka7 Kd6 70. Kb8 Kd7 71. a6 Ba8 72. Kxa8 Kc7 73. Ka7 Ne4 74. Ka8 Nd6 0-1

[Event "HUN-chT Youth 2019"]
[Site "Budapest"]
[Date "2019.10.29"]
[Round "6.1"]
[White "Thierry, Edvard"]
[Black "Konyves, Almos"]
[Result "0-1"]
[ECO "B62"]
[WhiteElo "1507"]
[BlackElo "2006"]
[Annotator "NA"]
[PlyCount "122"]
[EventDate "2019.10.26"]
[EventType "team-tourn"]
[EventCountry "HUN"]
[SourceTitle "playchess.com"]
[Source "ChessBase"]
[SourceQuality "1"]
[TimeControl "5400+30"]

1. e4 c5 2. Nf3 Nc6 3. d4 cxd4 4. Nxd4 Nf6 5. Nc3 d6 6. Bg5 e6 7. f4 h6 {[%emt 0:00:07] B62: Sicilian: Richter-Rauzer: 6...e6: Unusual White 7th moves} 8. Bh4 Be7 9. Bg3 Qa5 $146 ({Predecessor:} 9... O-O 10. Nb3 a6 11. Qf3 e5 12. f5 Nd4 13. Qd3 d5 14. Bxe5 Nxb3 15. axb3 dxe4 {½-½ (63) Cuenca Jimenez,J (2408)-Kurnosov,I (2579) Evora 2007}) 10. Nb3 Qc7 11. Be2 a6 12. Bf3 O-O 13. O-O b5 14. Kh1 Bb7 15. a3 Rac8 16. Nd4 Na5 17. Be1 Nc4 18. Qc1 Rfd8 19. b3 Nb6 20. Ra2 Nfd7 21. Nce2 Nc5 22. Ng3 Bf6 23. Bf2 Bxd4 24. Bxd4 Nxb3 25. Qb2 Nxd4 26. Qxd4 Qc5 27. Qd2 Nc4 28. Qd3 Qe3 29. Qd1 d5 30. exd5 Bxd5 31. Bxd5 Rxd5 32. Qa1 Qd4 33. Qc1 Qd2 34. Qa1 Ne3 35. c4 Nxf1 36. Rxd2 Nxd2 37. cxd5 Nb3 38. Qg1 Rc1 39. Nf1 exd5 40. h3 d4 41. Kh2 Rc2 $2 (41... Nd2 42. Nxd2 {[%mdl 64] Discovered Attack} Rxg1 43. Kxg1 Kf8) 42. Ng3 Nd2 43. Qd1 d3 $18 44. Nf1 Nxf1+ 45. Qxf1 d2 46. Qe2 Rb2 47. h4 a5 48. h5 a4 49. Kh3 b4 50. Qe8+ Kh7 51. Qxa4 Ra2 52. Qd1 Rxa3+ 53. Kh2 Rd3 54. Qe2 Rd4 55. Qd1 b3 56. Kh3 Kg8 57. g3 b2 58. Qe2 Rd8 59. Qd1 b1=Q 60. Qxb1 d1=Q 61. Qf5 Qd7 0-1